Map: Flashback EE

Players

dbf

  • Race: Terran Terran
  • Spawn Location: 7:00

GregSchmitz

  • Race: Terran Terran
  • Spawn Location: 7:00

soylibum

  • Race: Protoss Protoss
  • Spawn Location: 7:00

TATORREA

  • Race: Protoss Protoss
  • League: Gold
  • Spawn Location: 11:00

MrFercho

  • Race: Zerg Zerg
  • League: Gold
  • Spawn Location: 11:00

tigro

  • Race: Terran Terran
  • League: Bronze
  • Spawn Location: 9:00

VOD

Have the link to the VOD?

Description

Time

  • Played on: Aug. 19, 2020, 8:26 p.m.
  • Length: 16:54
Show
View Real Time Build Order
Export as new Build Order

dbf Terran 

Build Orders:  

Get SALT Encoding   

  12  0:02  SCV  
  13  0:20  SCV  
  14  0:31  Supply Depot  
  14  0:34  SCV  
  15  0:46  Refinery  
  15  0:52  SCV  
  15  0:55  Barracks  
  16  1:05  SCV  
  17  1:19  SCV  
  18  1:36  SCV  
  19  1:44  Marine  
  19  1:45  Refinery  
  20  1:52  Supply Depot  
  20  2:02  Orbital Command  
  20  2:12  Factory  
  20  2:18  Marine  
  21  2:28  SCV  
  22  2:58  Command Center  
  21  3:07  Marine  
  21  3:10  Factory Tech Lab  
  22  3:16  Starport  
  22  3:23  Engineering Bay  
  22  3:24  SCV  
  23  3:30  Marine  
  23  3:32  Siege Tank  
  27  3:37  SCV  
  28  3:41  Supply Depot  
  28  3:59  Marine  
  28  4:01  SCV  
  30  4:04  Starport Tech Lab  
  30  4:11  Sensor Tower  
  30  4:12  Siege Tank  
  33  4:24  Fusion Core  
  33  4:27  SCV x2  
  35  4:35  Refinery  
  35  4:41  SCV  
  36  4:49  Orbital Command  
  36  4:56  Marine  
  37  5:17  SCV x2, Starport  
  39  5:29  SCV x2  
  41  5:41  SCV x2, Supply Depot  
  43  5:43  Missile Turret  
  43  5:45  Battlecruiser  
  49  5:50  Missile Turret  
  49  5:53  SCV x2  
  51  5:57  Refinery  
  51  6:03  Starport Tech Lab  
  51  6:05  SCV x2  
  53  6:17  SCV x2  
  55  6:23  Supply Depot  
  55  6:30  Battlecruiser  
  61  6:35  SCV  
  62  6:45  SCV  
  63  6:47  SCV, Supply Depot  
  64  7:04  Battlecruiser  
  70  7:09  SCV x2  
  70  7:12  Missile Turret  
  70  7:13  Missile Turret  
  72  7:16  Supply Depot  
  72  7:18  Supply Depot  
  72  7:27  SCV x2  
  74  7:39  SCV x2  
  74  7:43  Battlecruiser  
  83  7:51  SCV x2  
  84  8:04  Command Center  
  84  8:07  SCV x2  
  86  8:14  Battlecruiser  
  92  8:22  SCV x2, Armory  
  94  9:02  Supply Depot x2  
  94  9:11  Command Center  
  94  9:15  SCV x2  
  96  9:18  Orbital Command  
  94  9:55  Orbital Command  
  82  10:13  Orbital Command  
  53  12:48  SCV x2  
  55  13:00  SCV x2  
  57  13:16  Refinery x2  
  57  13:19  Fusion Core  
  57  13:22  Starport  
  57  13:24  Starport  
  57  13:26  SCV  
  58  13:28  Starport  
  58  13:30  Starport  
  58  13:33  Starport  
  58  13:38  SCV  
  59  13:50  SCV  
  60  14:02  SCV  
  55  14:19  Battlecruiser  
  55  14:20  Battlecruiser  
  55  14:21  Starport Tech Lab  
  55  14:23  Starport Tech Lab x2  
  67  14:24  Starport Tech Lab  
  67  14:25  Starport Tech Lab  
  67  14:39  SCV  
  68  14:46  Battlecruiser x4  
  68  14:47  Battlecruiser  
  68  14:51  SCV  
  99  14:58  Refinery  
  99  14:59  Refinery  
  99  15:03  SCV  
  100  15:10  SCV  
  101  15:15  SCV, Refinery x2  
  102  15:22  SCV  
  102  15:25  Battlecruiser  
  102  15:27  SCV  
  110  15:29  Battlecruiser  
  116  15:44  Supply Depot x2  
  116  15:45  Supply Depot  
  116  15:47  Supply Depot  
  116  15:50  SCV x4  
  120  16:02  SCV x2  
  128  16:14  SCV  
Show
View Real Time Build Order
Export as new Build Order

GregSchmitz Terran 

Build Orders:  

Get SALT Encoding   

  12  0:00  SCV  
  13  0:15  SCV  
  14  0:37  Supply Depot  
  14  0:38  SCV  
  15  0:45  Refinery  
  15  1:02  Barracks  
  15  1:06  SCV  
  16  1:18  SCV  
  17  1:30  SCV  
  18  1:42  SCV  
  19  1:51  Supply Depot  
  19  1:54  SCV  
  20  2:01  Refinery  
  20  2:23  SCV  
  20  2:24  Command Center  
  20  2:27  Marine  
  22  2:35  Factory  
  22  2:39  SCV  
  23  2:45  Marine  
  24  2:51  SCV  
  25  3:03  SCV  
  26  3:14  Supply Depot  
  26  3:20  Factory Tech Lab  
  26  3:26  Starport  
  26  3:38  Supply Depot  
  26  3:39  SCV, Refinery  
  27  3:50  SCV  
  27  3:51  SCV  
  29  3:58  Siege Tank  
  29  4:00  Supply Depot  
  29  4:02  SCV  
  33  4:03  SCV, Starport Reactor  
  34  4:15  SCV  
  34  4:16  Armory  
  35  4:27  SCV  
  35  4:30  Siege Tank  
  39  4:44  Viking  
  39  4:45  Viking  
  43  4:49  SCV  
  44  4:53  Refinery  
  44  4:59  Orbital Command  
  44  5:01  SCV  
  44  5:04  Supply Depot  
  45  5:13  SCV  
  46  5:14  Viking  
  46  5:18  Armory  
  46  5:20  Terran Ship Weapons Level 1  
  48  5:25  SCV  
  48  5:26  Supply Depot  
  48  5:27  Viking  
  51  5:37  SCV  
  52  5:53  SCV  
  53  5:58  Supply Depot  
  53  6:04  Viking x2  
  53  6:05  SCV  
  58  6:21  SCV, Engineering Bay  
  59  6:33  SCV  
  59  6:34  Viking x2  
  64  6:45  SCV  
  65  6:49  Starport  
  65  6:57  SCV  
  66  7:01  Hi-Sec Auto Tracking  
  66  7:02  Missile Turret  
  66  7:03  Terran Vehicle And Ship Armor Level 1  
  66  7:10  SCV  
  66  7:15  Terran Ship Weapons Level 2  
  67  7:22  SCV, Viking x2  
  70  7:29  Starport Tech Lab  
  72  7:34  SCV  
  73  7:38  Fusion Core  
  73  7:46  SCV  
  74  7:51  Supply Depot  
  74  7:52  Viking x2  
  74  7:58  SCV  
  79  8:00  Viking  
  81  8:10  SCV  
  82  8:14  Supply Depot  
  82  8:22  SCV, Viking x2  
  82  8:26  Starport  
  87  8:30  Weapon Refit  
  87  8:39  Battlecruiser  
  93  8:42  Missile Turret  
  93  8:45  Orbital Command  
  93  8:58  Terran Vehicle And Ship Armor Level 2  
  93  9:02  Supply Depot  
  93  9:24  Starport Tech Lab  
  63  10:31  SCV  
  63  10:34  Battlecruiser x2  
  76  10:36  Viking x2  
  80  10:43  SCV  
  81  10:54  Command Center  
  81  10:55  SCV  
  67  11:25  Missile Turret  
  64  11:39  Battlecruiser  
  70  11:42  Battlecruiser  
  76  11:52  Starport  
  64  12:43  Battlecruiser  
  70  13:08  Starport Reactor  
  70  13:11  Terran Ship Weapons Level 3, Terran Vehicle And Ship Armor Level 3  
  70  13:23  Battlecruiser  
  69  14:19  Viking  
  75  14:27  Liberator  
  75  14:28  Liberator  
  75  14:31  Liberator  
  80  14:54  SCV  
  81  15:01  Refinery  
  81  15:03  Refinery  
  81  15:07  SCV  
  76  15:10  Liberator  
  79  15:19  SCV  
  80  15:31  SCV  
  81  16:20  SCV  
  82  16:32  SCV  
Show
View Real Time Build Order
Export as new Build Order

soylibum Protoss 

Build Orders: Nexus First, Carriers 

Get SALT Encoding   

  12  0:00  Probe (Chrono Boost)  
  13  0:11  Probe (Chrono Boost)  
  14  0:19  Pylon  
  14  0:23  Probe  
  15  0:37  Probe  
  16  0:49  Probe  
  17  1:01  Probe  
  17  1:03  Nexus  
  18  1:10  Pylon  
  18  1:34  Probe (Chrono Boost)  
  18  1:35  Gateway  
  19  1:41  Assimilator  
  19  1:43  Assimilator  
  19  1:44  Probe (Chrono Boost)  
  20  1:48  Forge  
  20  1:49  Probe (Chrono Boost)  
  21  2:00  Pylon  
  21  2:03  Probe  
  22  2:15  Probe, Pylon  
  23  2:29  Photon Cannon  
  23  2:31  Probe (Chrono Boost), Photon Cannon  
  24  2:40  Probe (Chrono Boost)  
  25  2:46  Photon Cannon  
  25  2:49  Photon Cannon  
  25  2:57  Probe (Chrono Boost)  
  26  3:00  Probe (Chrono Boost)  
  27  3:10  Probe (Chrono Boost)  
  27  3:11  Probe (Chrono Boost)  
  29  3:15  Probe (Chrono Boost)  
  30  3:27  Nexus  
  30  3:32  Assimilator  
  30  3:39  Assimilator  
  30  3:40  Assimilator  
  30  3:44  Probe (Chrono Boost)  
  30  3:45  Assimilator  
  32  3:50  Probe (Chrono Boost)  
  32  3:54  Probe (Chrono Boost)  
  33  3:59  Probe (Chrono Boost)  
  33  4:01  Cybernetics Core  
  34  4:07  Probe  
  35  4:19  Probe (Chrono Boost)  
  36  4:26  Probe (Chrono Boost)  
  36  4:30  Probe (Chrono Boost)  
  38  4:34  Probe (Chrono Boost)  
  38  4:38  Probe (Chrono Boost)  
  40  4:39  Probe (Chrono Boost)  
  41  4:49  Probe (Chrono Boost)  
  41  4:50  Probe (Chrono Boost)  
  43  4:53  Probe (Chrono Boost)  
  43  4:57  Pylon  
  43  4:58  Probe  
  43  4:59  Warp Gate  
  45  5:00  Pylon  
  45  5:01  Probe  
  45  5:05  Probe  
  47  5:13  Probe  
  48  5:14  Stargate x2  
  48  5:17  Probe, Stargate  
  48  5:19  Stargate  
  49  5:25  Probe  
  50  5:30  Probe (Chrono Boost)  
  51  5:36  Photon Cannon  
  51  5:38  Probe (Chrono Boost)  
  51  5:40  Photon Cannon  
  53  5:43  Photon Cannon  
  53  5:45  Probe (Chrono Boost)  
  53  5:48  Probe (Chrono Boost)  
  54  5:54  Probe (Chrono Boost)  
  56  5:57  Probe (Chrono Boost)  
  56  5:59  Probe (Chrono Boost)  
  57  6:04  Probe  
  57  6:07  Probe  
  57  6:10  Fleet Beacon  
  59  6:16  Probe  
  60  6:20  Probe  
  61  6:32  Probe, Cybernetics Core  
  62  6:44  Probe  
  63  6:56  Gateway  
  63  6:58  Gateway  
  63  6:59  Carrier  
  63  7:00  Carrier x2, Gateway  
  87  7:01  Carrier  
  87  7:14  Protoss Air Weapons Level 1 (Chrono Boost)  
  87  7:17  Protoss Air Armor Level 1 (Chrono Boost)  
  87  7:40  Pylon  
  87  7:41  Pylon  
  87  7:43  Pylon  
  87  7:45  Pylon  
  87  7:47  Pylon  
  87  7:48  Pylon  
  87  7:50  Pylon  
  87  7:51  Pylon  
  87  7:53  Pylon  
  87  7:54  Pylon  
  87  7:58  Pylon  
  87  8:04  Carrier x2  
  87  8:05  Carrier x2  
  111  9:07  Nexus  
  111  9:13  Nexus  
  111  9:19  Carrier x2  
  111  9:20  Carrier  
  111  9:21  Carrier  
  135  9:47  Protoss Air Weapons Level 2 (Chrono Boost)  
  135  9:48  Protoss Air Armor Level 2 (Chrono Boost)  
  135  9:55  Assimilator  
  135  10:01  Assimilator  
  135  10:08  Assimilator  
  135  10:13  Assimilator  
  139  10:54  Carrier  
  139  10:55  Carrier x3  
  159  12:01  Carrier  
  159  12:02  Carrier x3  
  183  12:20  Probe (Chrono Boost)  
  186  12:30  Probe x2 (Chrono Boost)  
  188  12:37  Probe (Chrono Boost)  
  188  12:38  Probe (Chrono Boost)  
  188  12:42  Probe (Chrono Boost)  
  188  12:46  Probe  
  190  12:54  Probe  
  185  12:58  Probe  
  186  13:06  Probe  
  187  13:14  Carrier  
  187  13:15  Carrier  
  199  13:38  Protoss Air Weapons Level 3  
  199  13:41  Protoss Air Armor Level 3  
  187  13:51  Stalker  
  187  13:52  Stalker x3  
  177  14:24  Carrier x2  
  177  14:25  Carrier  
  195  14:45  Probe (Chrono Boost)  
  196  14:50  Probe (Chrono Boost)  
  197  14:56  Probe (Chrono Boost)  
  197  14:58  Probe (Chrono Boost)  
  199  15:01  Probe (Chrono Boost)  
  194  15:11  Probe  
  189  15:23  Probe  
Show
View Real Time Build Order
Export as new Build Order

TATORREA Protoss 

Build Orders: Mass Adepts 

Get SALT Encoding   

  12  0:02  Probe  
  13  0:14  Probe  
  14  0:26  Probe  
  14  0:27  Pylon  
  15  0:45  Probe  
  16  0:58  Probe, Gateway  
  16  1:02  Gateway  
  17  1:19  Probe, Assimilator  
  17  1:22  Pylon  
  17  1:25  Pylon  
  18  1:34  Probe  
  19  1:46  Probe  
  20  1:57  Cybernetics Core  
  20  1:58  Probe  
  20  2:00  Assimilator  
  21  2:12  Gateway  
  21  2:15  Forge  
  21  2:16  Probe (Chrono Boost)  
  22  2:27  Probe (Chrono Boost)  
  23  2:32  Probe (Chrono Boost)  
  23  2:36  Twilight Council  
  24  2:47  Warp Gate  
  24  2:50  Adept  
  26  2:52  Adept  
  27  3:01  Resonating Glaives (Chrono Boost)  
  27  3:20  Adept  
  27  3:22  Adept  
  31  3:32  Adept  
  33  3:44  Nexus  
  33  3:48  Pylon  
  33  3:51  Protoss Ground Weapons Level 1 (Chrono Boost)  
  33  3:59  Adept  
  35  4:05  Adept  
  37  4:14  Probe  
  40  4:26  Probe  
  39  4:39  Probe  
  39  4:40  Adept  
  39  4:41  Adept  
  39  4:44  Adept  
  46  4:51  Probe  
  47  5:03  Probe  
  47  5:06  Probe  
  49  5:15  Probe  
  49  5:16  Pylon  
  49  5:18  Probe  
  51  5:25  Stargate x2  
  51  5:27  Probe  
  52  5:30  Probe  
  53  5:39  Probe  
  53  5:42  Probe  
  55  5:43  Charge  
  55  5:51  Probe  
  55  5:54  Probe  
  55  5:56  Assimilator  
  57  6:00  Assimilator  
  57  6:02  Gateway  
  57  6:03  Probe  
  58  6:05  Gateway  
  58  6:06  Probe  
  59  6:15  Probe  
  60  6:19  Probe  
  61  6:28  Probe  
  61  6:31  Probe  
  63  6:40  Probe  
  64  6:48  Nexus  
  64  6:51  Pylon  
  64  6:53  Pylon  
  64  6:57  Probe x2  
  66  7:09  Probe x2, Fleet Beacon  
  68  7:21  Probe x2  
  70  7:33  Probe  
  71  7:37  Void Ray, Robotics Facility  
  71  7:39  Robotics Facility  
  71  7:40  Gateway  
  71  7:42  Gateway  
  71  7:43  Flux Vanes  
  71  7:44  Void Ray  
  75  7:45  Gateway  
  79  7:52  Protoss Ground Weapons Level 2 (Chrono Boost)  
  79  8:06  Probe x3  
  82  8:18  Probe x3  
  85  8:20  Void Ray  
  85  8:27  Void Ray  
  89  8:31  Assimilator  
  89  8:33  Assimilator  
  93  8:38  Protoss Air Weapons Level 1 (Chrono Boost)  
  93  8:43  Probe  
  93  8:44  Probe x2  
  96  8:55  Stalker  
  96  8:56  Stalker  
  100  9:10  Pylon  
  100  9:13  Pylon  
  100  9:21  Nexus  
  100  9:23  Pylon  
  100  9:25  Pylon  
  100  9:27  Pylon  
  100  9:28  Void Ray x2  
  100  9:30  Pylon  
  108  9:33  Stalker x4  
  116  9:56  Stalker  
  116  9:57  Stalker x6  
  116  9:58  Stalker  
  132  10:06  Probe x3  
  135  10:15  Pylon x2  
  135  10:18  Probe x3  
  135  10:20  Pylon  
  138  10:23  Templar Archives  
  138  10:24  Stalker  
  138  10:25  Stalker x3  
  146  10:29  Protoss Ground Weapons Level 3 (Chrono Boost)  
  146  10:43  Stalker  
  146  10:44  Stalker x2  
  142  10:57  Protoss Air Weapons Level 2  
  66  11:34  Stalker  
  66  11:35  Stalker x5  
  66  11:36  Stalker x2  
  74  11:59  Stalker x2  
  74  12:00  Stalker x4  
  74  12:01  Stalker x2  
  72  12:39  Stalker x2  
  72  12:40  Stalker  
  72  12:41  Stalker x4  
  72  12:42  Stalker  
  88  13:04  Gateway  
  88  13:05  Stalker x3, Gateway  
  92  13:06  Stalker x4  
  92  13:07  Stalker, Gateway  
  92  13:09  Gateway  
  92  13:12  Gateway  
  104  13:14  Gateway  
  104  13:16  Gateway  
  104  13:18  Gateway  
  104  13:22  Gateway  
  104  13:25  Gateway  
  104  13:28  Gateway  
  104  13:29  Stalker  
  104  13:30  Stalker x4  
  104  13:31  Stalker x2, Gateway  
  104  13:33  Stalker  
  66  14:14  Stalker x3  
  66  14:15  Stalker x5  
  66  14:16  Stalker x4  
  82  14:17  Stalker  
  84  14:29  Stalker x3  
  89  14:39  Stalker x2  
  89  14:41  Stalker  
  89  14:45  Stalker  
  95  14:50  Stalker  
  34  15:28  Stalker x4  
  32  15:29  Stalker x4  
  32  15:33  Stalker  
  46  15:47  Stalker x2  
  50  15:53  Probe x2  
  52  16:05  Probe  
Show
View Real Time Build Order
Export as new Build Order

MrFercho Zerg 

Build Orders: Hatch First, Roach Hydra 

Get SALT Encoding   

  12  0:00  Drone  
  13  0:14  Overlord  
  13  0:18  Drone  
  14  0:33  Drone x2  
  16  0:59  Drone  
  16  1:00  Drone  
  18  1:05  Hatchery  
  18  1:09  Drone  
  18  1:15  Extractor  
  17  1:23  Drone  
  17  1:24  Spawning Pool  
  17  1:31  Drone  
  18  1:35  Drone  
  19  1:45  Drone  
  20  2:00  Drone  
  21  2:04  Overlord  
  21  2:16  Queen  
  21  2:17  Queen  
  21  2:20  Zergling x2  
  21  2:21  Zergling x2  
  27  2:24  Metabolic Boost  
  27  2:37  Drone  
  27  2:39  Overlord  
  27  2:40  Drone x2  
  30  2:49  Drone x2  
  32  3:01  Pneumatized Carapace  
  32  3:03  Drone x2  
  34  3:14  Drone x2  
  36  3:22  Drone  
  36  3:24  Drone  
  38  3:31  Drone x3  
  38  3:32  Overlord  
  41  3:38  Lair  
  41  3:42  Drone  
  41  3:43  Drone x2  
  44  3:50  Roach Warren, Queen  
  44  3:54  Evolution Chamber  
  44  3:55  Drone x3  
  47  4:06  Zergling x2  
  47  4:07  Zergling x8  
  47  4:09  Overlord x2  
  52  4:10  Overlord  
  52  4:15  Extractor  
  51  4:17  Extractor  
  50  4:27  Spore Crawler  
  50  4:28  Drone  
  50  4:36  Spore Crawler  
  50  4:37  Drone  
  50  4:40  Glial Reconstitution  
  50  4:46  Zerg Missile Weapons Level 1  
  50  4:53  Roach  
  50  4:54  Roach  
  50  4:56  Overlord  
  50  4:58  Zergling x8  
  58  5:11  Drone x3  
  61  5:25  Roach x5  
  71  5:52  Hatchery, Drone x3, Baneling Nest  
  71  5:56  Roach x5  
  82  6:02  Extractor  
  81  6:07  Drone x2  
  83  6:29  Drone  
  83  6:32  Overlord x4  
  84  6:45  Zerg Missile Weapons Level 2  
  84  6:47  Centrifical Hooks  
  84  7:10  Drone x3  
  84  7:11  Hydralisk Den, Drone x3  
  89  7:16  Infestation Pit, Overlord x4  
  89  7:17  Overlord  
  89  7:19  Zergling x8  
  92  7:37  Spore Crawler  
  92  7:38  Drone x2  
  92  7:39  Spore Crawler  
  92  7:41  Overseer  
  92  7:45  Hydralisk  
  92  7:46  Hydralisk x8  
  110  7:54  Nydus Network  
  110  7:58  Overseer  
  109  8:06  Baneling x6  
  109  8:08  Baneling  
  109  8:21  Muscular Augments  
  109  8:29  Drone x6  
  109  8:30  Drone x5  
  109  8:31  Queen  
  122  8:45  Hatchery  
  121  8:56  Hydralisk x2  
  121  8:57  Hydralisk x4  
  133  9:11  Extractor  
  133  9:12  Drone  
  133  9:13  Drone x7, Extractor  
  133  9:14  Drone x3  
  142  9:18  Zerg Ground Armor Level 1  
  142  9:32  Grooved Spines  
  142  9:40  Nydus Canal  
  142  9:54  Lurker Den  
  141  10:06  Hive  
  137  10:24  Hydralisk x9  
  102  10:57  Spire  
  101  11:03  Hydralisk x5  
  111  11:14  Lurker  
  111  11:16  Overlord x5, Lurker  
  113  11:22  Overseer  
  113  11:23  Overseer  
  113  11:56  Spore Crawler  
  113  11:57  Spore Crawler  
  113  12:00  Zerg Missile Weapons Level 3  
  111  12:21  Viper x2  
  117  12:23  Viper  
  117  12:25  Corruptor  
  117  12:26  Corruptor  
  120  12:46  Spore Crawler  
  120  12:48  Spore Crawler x4  
  80  13:04  Hydralisk x4  
  80  13:05  Hydralisk x10  
  93  13:13  Hydralisk  
  93  13:14  Hydralisk  
  96  13:25  Hydralisk x3  
  101  13:28  Zergling x2  
  101  13:29  Zergling x42  
  101  13:30  Zergling x14  
  94  13:57  Hydralisk x8  
  94  13:58  Hydralisk  
  114  14:07  Hydralisk  
  92  14:19  Hatchery  
  75  14:31  Hydralisk  
  75  14:32  Hydralisk x4  
  82  15:28  Hydralisk x6  
Show
View Real Time Build Order
Export as new Build Order

tigro Terran 

Build Orders:  

Get SALT Encoding   

  12  0:13  SCV  
  13  0:24  Supply Depot  
  13  0:25  SCV  
  14  0:37  SCV  
  15  0:47  Supply Depot  
  15  0:50  Barracks  
  15  1:05  SCV  
  16  1:13  Refinery  
  16  1:17  SCV  
  17  1:29  SCV  
  18  1:33  Refinery  
  18  1:39  Marine  
  19  1:41  SCV  
  20  1:53  SCV  
  21  1:57  Marine  
  22  2:13  SCV  
  22  2:15  Marine  
  24  2:25  SCV  
  24  2:27  Factory  
  25  2:33  Marine  
  26  2:38  SCV  
  26  2:39  Engineering Bay  
  27  2:51  Marine  
  28  3:12  Barracks Tech Lab  
  28  3:13  Factory Tech Lab  
  28  3:32  Missile Turret  
  28  3:40  Siege Tank  
  31  3:45  Orbital Command  
  31  3:49  Combat Shield  
  31  3:52  Terran Infantry Weapons Level 1, Missile Turret  
  31  4:16  Siege Tank  
  34  4:21  Missile Turret  
  34  4:41  Missile Turret  
  34  5:00  Command Center  
  34  5:03  Missile Turret  
  34  5:08  Stimpack  
  34  5:27  Missile Turret  
  34  5:42  Siege Tank  
  37  5:46  Terran Infantry Armor Level 1  
  37  5:57  Starport  
  37  6:15  Refinery  
  37  6:18  Missile Turret  
  37  6:41  SCV  
  37  6:44  Marine  
  39  6:51  Missile Turret  
  39  6:54  SCV, Medivac  
  42  7:02  Marine  
  42  7:06  SCV  
  44  7:18  SCV  
  44  7:19  Refinery  
  44  7:20  Marine  
  46  7:26  Supply Depot  
  46  7:30  SCV  
  46  7:32  Missile Turret  
  47  7:38  Marine  
  47  7:42  SCV  
  49  7:44  Neosteel Armor  
  49  7:49  Supply Depot  
  49  7:54  SCV, Missile Turret  
  49  7:56  Marine  
  51  8:06  SCV  
  52  8:15  Armory  
  52  8:18  SCV  
  53  8:23  Marine  
  54  8:37  Missile Turret  
  54  8:41  Marine  
  55  8:59  Marine  
  55  9:00  Missile Turret  
  56  9:04  Fusion Core, Starport Tech Lab  
  56  9:17  Marine  
  56  9:21  Missile Turret  
  57  9:24  Hi-Sec Auto Tracking  
  57  9:35  Marine  
  54  9:48  Missile Turret  
  42  10:04  Weapon Refit  
  42  10:06  Medivac  
  44  10:10  Terran Vehicle Weapons Level 1, Missile Turret  
  44  10:18  Marine  
  45  10:25  Thor  
  45  10:26  Barracks  
  52  10:35  SCV, Marine  
  52  10:37  Battlecruiser  
  59  10:45  Missile Turret  
  59  10:47  SCV  
  60  10:53  Marine  
  61  10:59  SCV  
  61  11:02  Missile Turret  
  62  11:11  Marine  
  62  11:12  SCV  
  64  11:24  SCV  
  65  11:26  Barracks Reactor  
  65  11:29  Marine  
  65  11:32  Missile Turret  
  66  11:44  Rapid Reignition System  
  72  11:47  Marine  
  72  11:53  Missile Turret  
  73  12:04  Marine  
  54  12:18  Marine x2  
  39  12:37  Marine  
  21  13:22  Engineering Bay  
  21  13:40  Barracks  
  21  13:59  Missile Turret  
  21  14:18  Missile Turret  
  21  14:28  Missile Turret  
  21  14:29  Barracks Reactor  
  21  14:37  Missile Turret  
  21  14:48  Missile Turret  
  21  14:57  Missile Turret  
  20  15:07  Missile Turret  
  20  15:15  Missile Turret, Marine x2  
  20  15:17  Missile Turret  
  22  15:23  Planetary Fortress  
  22  15:26  Missile Turret  
  22  15:32  Marine  
  22  15:33  Marine  
  24  15:36  Missile Turret  
  24  15:50  Marine  
  24  15:51  Marine  
  26  16:03  Missile Turret  
  26  16:07  Missile Turret  
  26  16:08  Marine x2  
  28  16:24  Missile Turret  
  28  16:26  Supply Depot, Marine x2  
  28  16:27  Missile Turret  
  32  16:48  Supply Depot, Missile Turret  
  32  16:49  Missile Turret  
Tags
 
Add a new tag
Caveats
  • Supply blocks, unpowered buildings, or Contaminate may cause inaccurate times.
  • Supply counts are checked every 10 seconds.